 Dungeon Crawl Stone Soup version 0.15-a0-171-ge5ebe08 (webtiles) character file.

687 PolkaDot the Cutter (level 7, 0/48 HPs)
             Began as a Vampire Air Elementalist on Apr 18, 2014.
             Slain by a worker ant (4 damage)
             ... on Level 4 of the Dungeon.
             The game lasted 00:18:33 (4039 turns).

PolkaDot the Cutter (Vampire Air Elementalist)      Turns: 4039, Time: 00:18:33

HP   0/48        AC  5     Str  8      XL: 7   Next:  4%
MP  12/12        EV 12     Int 18      God:
Gold 155         SH  0     Dex 14      Spells:  1 memorised,  9 levels left

rFire  + . .     SeeInvis +     n - +2,+0 cutlass
rCold  x . .     Clarity  .     a - +0 robe
rNeg   + . .     Conserve .     (no shield)
rPois  +         rCorr    .     (no helmet)
rElec  .         rRot     .     j - +0 cloak
SustAb . .       Spirit   .     u - +1 pair of gloves
rMut   .         Warding  .     (no boots)
Saprov . . .     Stasis   .     (no amulet)
MR     .....                    x - ring of fire
                                s - ring of poison resistance

@: very slightly contaminated, hasted, very quick, not resistant to hostile
enchantments, stealthy
A: bottle blood, fangs 3, see invisible, unbreathing
a: Bat Form, Bottle Blood


You were on level 4 of the Dungeon.
You were not thirsty.

You visited 1 branch of the dungeon, and saw 5 of its levels.

You collected 155 gold pieces.

Inventory:

Hand weapons
 n - a +2,+0 cutlass (weapon)
Armour
 a - a +0 robe (worn)
 j - a +0 cloak (worn)
 u - a +1 pair of gloves (worn)
 A - a +0 buckler
Scrolls
 c - 3 scrolls of teleportation
 d - 2 scrolls of recharging
 m - 3 scrolls of fear {unknown}
 q - 2 scrolls of blinking {unknown}
 r - 2 scrolls of remove curse {unknown}
 B - a scroll of amnesia {unknown}
Jewellery
 s - a ring of poison resistance (left hand)
 x - a ring of fire (right hand)
 y - an uncursed ring of fire
Potions
 g - 2 potions of paralysis {!q}
 o - a potion of magic
 w - 2 potions of restore abilities
Books
 b - a book of Air

   Spells                             Type                      Level
   *Shock                             Conjuration/Air              1
   Swiftness                          Charms/Air                   2
   Repel Missiles                     Charms/Air                   2
   Flight                             Charms/Air                   3
   Static Discharge                   Conjuration/Air              3
   Lightning Bolt                     Conjuration/Air              5
 e - a book of the Tempests

   Spells                             Type                      Level
   Static Discharge                   Conjuration/Air              3
   Lightning Bolt                     Conjuration/Air              5
   Fireball                           Conjuration/Fire             5
   Tornado                            Air                          9
   Shatter                            Earth                        9
 z - a book of Control

   Spells                             Type                      Level
   Control Teleport                   Charms/Translocation         4
   Control Undead                     Necromancy                   4
   Enslavement                        Hexes                        4
   Metabolic Englaciation             Hexes/Ice                    5
   Mass Confusion                     Hexes                        6


   Skills:
 - Level 1.1 Fighting
 * Level 5.8 Short Blades
 - Level 2.3 Dodging
 - Level 3.1 Stealth
 - Level 2.0 Spellcasting
 + Level 1.9 Conjurations
 + Level 4.7 Air Magic


You had 9 spell levels left.
You knew the following spells:

 Your Spells              Type           Power        Failure   Level  Hunger
a - Shock                 Conj/Air       ##..         6%          1    #......


Dungeon Overview and Level Annotations

Branches:
Dungeon (5/15)
 Temple: D:4-7

Altars:
Dithmenos
Fedhas
Makhleb


Innate Abilities, Weirdness & Mutations

You can bottle blood from corpses.
You have razor-sharp teeth.*
You have supernaturally acute eyesight.
You can survive without breathing.*


Message History

Your bite misses the worker ant.
The worker ant is heavily wounded.
The worker ant bites you but does no damage.
You hit the worker ant but do no damage.
The worker ant is heavily wounded.
The worker ant closely misses you.
You barely miss the worker ant.
The worker ant is heavily wounded.
You hit the worker ant but do no damage.
The worker ant is heavily wounded.
The worker ant bites you.
* * * LOW HITPOINT WARNING * * *
You barely miss the worker ant.
The worker ant is heavily wounded.
The worker ant bites you.
* * * LOW HITPOINT WARNING * * *
You closely miss the worker ant.
The worker ant is heavily wounded.
The worker ant bites you.
You die...

.......................#.#..#
............................#####
.........[.......................
.................................
>...........................#####
#########.....###.#.###.....#...#
#.....# #........<..#.#.#
#########.....###........#..#.#.#
........###.#...@...........#...#
........'...#####a............#.#
........###########)#######.#...#
....#.....#.........[.....#.#.###
....#.###.#....!..#.#####.#.#.###
....#.#.#.#.........# #.#.#....
....#...#.#.......### #.#.#####
....###.#.#.......# #.#......
....# #.#.#.......# #.#######


You could see a worker ant.

Vanquished Creatures
  A phantom (D:3)
  An ogre (D:4)
  A scorpion (D:3)
  2 hounds (D:4)
  An orc wizard (D:4)
  An iguana (D:4)
  2 worker ants
  Terence (D:2)
  4 gnolls
  6 adders
  A giant eyeball (D:4)
  8 orcs
  3 ball pythons
  8 bats
  5 giant cockroaches
  9 goblins
  7 kobolds
  An ooze (D:1)
  4 giant geckos
  4 giant newts
  A goblin skeleton (D:4)
  10 hobgoblins
  A quokka (D:4)
  7 rats
89 creatures vanquished.

Notes
Turn   | Place    | Note
--------------------------------------------------------------
     0 | D:1      | PolkaDot, the Vampire Air Elementalist, began the quest for the Orb.
     0 | D:1      | Reached XP level 1. HP: 13/13 MP: 3/3
   307 | D:1      | Reached skill level 1 in Fighting
   329 | D:1      | Reached XP level 2. HP: 8/21 MP: 4/4
   868 | D:2      | Found a burning altar of Makhleb.
   880 | D:2      | Reached skill level 1 in Short Blades
   933 | D:2      | Reached XP level 3. HP: 23/26 MP: 6/6
  1021 | D:2      | Noticed Terence
  1029 | D:2      | Killed Terence
  1500 | D:3      | Found a blossoming altar of Fedhas.
  1599 | D:3      | Noticed a scorpion
  1613 | D:3      | Killed a scorpion
  1613 | D:3      | Reached XP level 4. HP: 32/32 MP: 7/7
  1798 | D:3      | Reached XP level 5. HP: 37/37 MP: 9/9
  1926 | D:3      | Reached skill level 4 in Short Blades
  2255 | D:3      | Found a shadowy altar of Dithmenos.
  2257 | D:3      | Found a burning altar of Makhleb.
  2323 | D:4      | Noticed a phantom
  2404 | D:3      | Killed a phantom
  2404 | D:3      | Reached skill level 1 in Conjurations
  2692 | D:4      | Reached XP level 6. HP: 43/43 MP: 10/10
  2738 | D:4      | Reached skill level 5 in Short Blades
  2875 | D:4      | Paralysed by a giant eyeball for 3 turns
  3114 | D:4      | Noticed an ogre
  3231 | D:4      | Killed an ogre
  3563 | D:5      | Entered Level 5 of the Dungeon
  3977 | D:4      | Reached XP level 7. HP: 23/48 MP: 12/12
  4039 | D:4      | Slain by a worker ant

Action                   |  1- 3 |  4- 6 |  7- 9 || total
-------------------------+-------+-------+-------++-------
Melee: Unarmed           |    22 |       |       ||    22
       Club              |    12 |       |       ||    12
       Dagger            |    84 |    71 |       ||   155
       Cutlass           |       |   163 |    21 ||   184
 Cast: Shock             |     4 |       |       ||     4
  Use: Potion            |     1 |    10 |     1 ||    12
       Scroll            |       |    12 |       ||    12
 Stab: Sleeping          |     7 |     6 |       ||    13
       Distracted        |     1 |       |       ||     1
